 Dungeon Crawl Stone Soup version 0.30.1-11-g7821555f0a (webtiles) character file.

Game seed: 8476742064589625107

1805 NelofarNekjeu the Chopper (level 9, -4/66 HPs)
             Began as a Human Chaos Knight on Nov 18, 2023.
             Was a Plaything of Xom.
             Succumbed to a gnoll sergeant's poison
             ... on level 7 of the Dungeon.
             The game lasted 00:20:11 (5972 turns).

NelofarNekjeu the Chopper (Human Chaos Knight)      Turns: 5972, Time: 00:20:15

Health: -4/66      AC: 10    Str: 13    XL:     9   Next: 31%
Magic:  12/12      EV: 18    Int: 14    God:    Xom [.*....]
Gold:   471        SH:  0    Dex: 15    Spells: 4/13 levels left

rFire   . . .        a - +1 hand axe (chaos)
rCold   x . .        h - orb {mayhem}
rNeg    . . .        b - +3 leather armour
rPois   .            (no helmet)
rElec   .            (no cloak)
rCorr   .            (no gloves)
SInv    .            (no boots)
Will    +....        (no amulet)
Stlth   ++           i - +4 ring of protection
HPRegen 0.31/turn    q - +5 ring of evasion
MPRegen 0.13/turn

%: mayhem
@: lethally poisoned (-4 -> -27), cleaving
A: strong-willed 1, teleportitis 1, wild magic 1, cold vulnerability 1,
MP-powered wands
a: Renounce Religion


You were on level 7 of the Dungeon.
You worshipped Xom.
You were a plaything of Xom.
You visited 2 branches of the dungeon, and saw 8 of its levels.
You also visited: Sewer.

You collected 471 gold pieces.

Inventory:

Hand Weapons
 a - a +1 hand axe of chaos (weapon)
 x - a +1 great sword
Missiles
 m - a throwing net
 o - a boomerang
 t - 4 curare-tipped darts (quivered)
Armour
 b - a +3 leather armour (worn)
 h - an orb of mayhem (worn)
Jewellery
 i - a +4 ring of protection (left hand)
 q - a +5 ring of evasion (right hand)
 A - a ring of protection from fire
Wands
 p - a wand of mindburst (11)
Scrolls
 f - a scroll of vulnerability
 n - a scroll of magic mapping
 r - a scroll of immolation {unknown}
 u - 4 scrolls of amnesia
 v - a scroll of torment {unknown}
 w - a scroll of noise
Potions
 d - a potion of lignification
 e - a potion of invisibility {unknown}
 g - a potion of haste {unknown}
 j - a potion of flight {unknown}
 l - 2 potions of brilliance
 B - a potion of mutation
Miscellaneous
 c - a piece from Xom's chessboard (15/15)


   Skills:
 * Level 4.5 Fighting
 * Level 1.4 Long Blades
 * Level 5.9 Axes
 * Level 2.1 Throwing
 * Level 3.9 Armour
 * Level 3.5 Dodging
 * Level 4.3 Stealth
 * Level 2.6 Spellcasting
 * Level 1.7 Summonings
 * Level 2.5 Translocations
 * Level 2.3 Fire Magic
 * Level 2.7 Evocations


You had 4 spell levels left.
You knew the following spells:

 Your Spells              Type           Power      Damage    Failure   Level
a - Blink                 Tloc           22%        N/A       21%         2
b - Volatile Blastmotes   Fire/Tloc      22%        2d11      38%         3
c - Summon Small Mammal   Summ           32%        N/A       21%         1
d - Call Canine Familiar  Summ           8%         N/A       47%         3

Your spell library contained the following spells:

 Spells                   Type           Power      Damage    Failure   Level
 Summon Guardian Golem    Hex/Summ       5%         N/A       58%         3
 Dazzling Flash           Conj/Hex       4%         N/A       71%         3
 Ozocubu's Armour         Ice            2%         N/A       71%         3
 Manifold Assault         Tloc           11%        N/A       75%         4
 Iskenderun's Mystic Bla  Conj/Tloc      6%         2d4       89%         4
 Animate Dead             Necr           2%         N/A       97%         4
 Metabolic Englaciation   Hex/Ice        1%         N/A       100%        5
 Simulacrum               Ice/Necr       1%         N/A       100%        6
 Starburst                Conj/Fire      3%         6d3       100%        6
 Haunt                    Necr/Summ      2%         N/A       100%        7
 Storm Form               Tmut/Air       1%         N/A       100%        7
 Infestation              Necr           1%         N/A       100%        8


Dungeon Overview and Level Annotations

Branches:
Dungeon (7/15)             Temple (1/1) D:5           Sewer (visited)

Altars:
Ashenzari
Dithmenos
Elyvilon
Hepliaklqana
Nemelex Xobeh
Okawaru
Sif Muna
Uskayaw
Xom
Yredelemnul
The Shining One


Innate Abilities, Weirdness & Mutations

You are strong-willed. (Will+)
You are occasionally teleported next to monsters.
Your spells are a little harder to cast, but a little more powerful.
You are vulnerable to cold. (rC-)
You expend magic power (3 MP) to strengthen your wands.


Message History

Something hits you.
* * * LOW HITPOINT WARNING * * *
Something shocks you.
* * * LOW HITPOINT WARNING * * *
The bullfrog hits your gnoll.
Your ufetubus closely misses the scorpion.
Your ufetubus barely misses the scorpion.
The scorpion stings you.
* * * LOW HITPOINT WARNING * * *
Your gnoll barely misses something.
The gnoll sergeant hits you from afar with a +6 spear of venom.
* * * LOW HITPOINT WARNING * * *
You are more poisoned.
Something completely misses you. The bullfrog barely misses your gnoll.
Your shadow imp closely misses the scorpion.
It was a potion of magic.
Magic courses through your body.
Xom roars with laughter!
* * * LOW HITPOINT WARNING * * *
You feel very sick.
You kill the sky beast!
The bullfrog flies into a frenzy!
The scorpion stings you but does no damage.
Something hits you but does no damage.
Your gnoll misses something.
The gnoll hits the bullfrog with a +0 spear!
The gnoll sergeant hits you but does no damage.
You are more poisoned.
The bullfrog hits the gnoll.
Your ufetubus hits the scorpion but does no damage.
Your ufetubus barely misses the scorpion.
Your ufetubus closely misses the scorpion.
Your ufetubus hits the scorpion but does no damage.
The scorpion stings you but does no damage.
Your shadow imp hits the scorpion.
It was a potion of cancellation.
Your magical effects are unravelling.
You feel magically purged.
You feel less wooden.
Your +3 leather armour unmelds from your body.
You die...
Xom bursts into laughter!

.....##.###..........#.#
.....Y...##.##.#.....#.#
....5.#..##.........##.#
#.....#..#######.......#
#........# #...#####
#....##### #g..# #....#
#gF.# #.#[.# ##
###g{.#####. #.#g<#
...##..@5....... ......#
_).'...5s.....#. #.#g###
...##..5........ #.#. ##
#.......### # ..
#.#...#.# ... #.#...#.#
##. #.#...#.# ..
#.......### ##........#


You could see a gnoll sergeant, a scorpion (ally target), a gnoll, a neutral
bullfrog (fast, strong, insane, distracted), a friendly gnoll (charmed), a
friendly shadow imp (summoned) and 2 friendly ufetubi.

Vanquished Creatures
  A steam dragon (D:7)
  The ghost of KittyFluff the Trooper, an amateur GrBe of Trog (D:4)
  A sky beast (D:7)
  4 bullfrogs
  Blork the orc (D:5)
  A kobold brigand (D:7)
  A scorpion (D:4)
  A wight (D:7)
  A howler monkey (D:4)
  A centaur zombie (D:6)
  3 hounds (D:5)
  3 jellies
  2 gnoll boudas
  4 iguanas
  2 sleepcaps
  Terence (D:2)
  A killer bee zombie (D:6)
  9 gnolls
  7 adders
  An ufetubus (D:7)
  2 worms
  2 dart slugs
  11 orcs
  18 endoplasms
  16 giant cockroaches
  3 goblins
  12 hobgoblins
  5 jackals
  4 kobolds
  12 quokkas (Sewer)
  11 ball pythons
  7 bats
  21 frilled lizards
  7 rats
177 creatures vanquished.

Vanquished Creatures (collateral kills)
  A scorpion (D:7)
  A hound (D:7)
  2 jellies (D:7)
  An orc (D:7)
5 creatures vanquished.

Vanquished Creatures (others)
  A kobold brigand (D:7)
1 creature vanquished.

Grand Total: 183 creatures vanquished

Notes
Turn   | Place    | Note
-------+----------+-------------------------------------------
     0 | D:1      | NelofarNekjeu the Human Chaos Knight began the quest for
                  | the Orb.
     0 | D:1      | Reached XP level 1. HP: 18/18 MP: 1/1
    53 | D:1      | XOM: silly message
   102 | D:1      | Reached XP level 2. HP: 24/24 MP: 2/2
   132 | D:1      | You fall into a shaft and drop 1 floor!
   182 | D:2      | XOM: divination: detect items
   289 | D:2      | XOM: divination: detect items
   297 | D:2      | Reached XP level 3. HP: 15/29 MP: 3/3
   424 | D:3      | XOM: silly message
   430 | D:3      | Reached skill level 1 in Stealth
   665 | D:3      | Reached XP level 4. HP: 24/35 MP: 5/5
   732 | D:4      | XOM: potion effect (attraction)
   735 | D:4      | Reached skill level 1 in Spellcasting
   744 | D:4      | Learned a level 2 spell: Blink
   748 | D:4      | Learned a level 3 spell: Volatile Blastmotes
   853 | D:4      | Reached skill level 1 in Evocations
   853 | D:4      | Reached XP level 5. HP: 32/41 MP: 6/6
   859 | D:5      | Entered Level 5 of the Dungeon
   871 | D:5      | XOM: potion effect (curing)
   989 | D:5      | Noticed Blork the orc
  1006 | D:5      | Killed Blork the orc
  1007 | D:5      | Reached skill level 4 in Axes
  1007 | D:5      | Reached XP level 6. HP: 47/47 MP: 7/7
  1056 | D:5      | XOM: silly message
  1151 | D:5      | Reached skill level 1 in Translocations
  1305 | D:5      | Reached skill level 1 in Fire Magic
  1355 | D:5      | Found a staircase to the Ecumenical Temple.
  1355 | D:5      | XOM: 7-stop teleportation journey
  1373 | D:5      | Reached XP level 7. HP: 52/52 MP: 9/9
  1387 | Temple   | Entered the Ecumenical Temple
  1640 | D:5      | XOM: noise
  2194 | D:4      | You fall into a shaft and drop 3 floors!
  2211 | D:7      | XOM: swap monsters
  2259 | D:7      | XOM: silly message
  2265 | D:6      | XOM: stealth player
  2317 | D:6      | Found a glowing drain.
  2330 | Sewer    | Entered a sewer
  2569 | Sewer    | Reached skill level 1 in Throwing
  2638 | Sewer    | XOM: destruction
  2645 | Sewer    | Reached skill level 5 in Axes
  2645 | Sewer    | Reached XP level 8. HP: 42/60 MP: 10/10
  2648 | Sewer    | XOM: confusion
  2683 | Sewer    | Learned a level 1 spell: Summon Small Mammal
  2687 | Sewer    | Learned a level 3 spell: Call Canine Familiar
  2949 | D:6      | XOM: noise
  3218 | D:6      | Found a basalt altar of Yredelemnul.
  3260 | D:6      | XOM: cloud trail
  3769 | D:4      | Found a runed translucent door.
  3770 | D:4      | Noticed KittyFluff's ghost (amateur GrBe)
  3791 | D:4      | Killed KittyFluff's ghost
  3856 | D:4      | XOM: scenery: 1 doors close
  3896 | D:3      | Reached skill level 1 in Summonings
  4188 | D:3      | XOM: god gift: great sword {god gift}
  4321 | D:3      | XOM: give mutations
  4321 | D:3      | Gained mutation: You are robust. (+10% HP) [Xom's grace]
  4321 | D:3      | Gained mutation: You expend magic power (3 MP) to
                  | strengthen your wands. [Xom's grace]
  4321 | D:3      | Gained mutation: Your spells are a little harder to cast,
                  | but a little more powerful. [Xom's grace]
  4404 | D:3      | XOM: give mutation
  4404 | D:3      | Gained mutation: You have an increased reservoir of magic.
                  | (+10% MP) [Xom's grace]
  4649 | D:2      | Noticed Terence
  4658 | D:2      | Killed Terence
  4823 | D:1      | XOM: summons 5 hostile demons
  5519 | D:1      | XOM: give mutations
  5519 | D:1      | Lost mutation: You have an increased reservoir of magic.
                  | (+10% MP) [Xom's mischief]
  5519 | D:1      | Gained mutation: Your body sometimes deteriorates upon
                  | taking damage. [Xom's mischief]
  5535 | D:2      | XOM: silly message
  5586 | D:4      | XOM: summons 5 hostile demons
  5642 | D:4      | XOM: stat loss: -1 Int (13/14)
  5692 | D:7      | XOM: summons 4 hostile shadow creatures
  5709 | D:7      | XOM: noise
  5727 | D:7      | Reached XP level 9. HP: 60/72 MP: 12/12
  5733 | D:7      | Reached skill level 1 in Long Blades
  5749 | D:7      | Lost mutation: You are robust. (+10% HP) [potion of
                  | mutation]
  5749 | D:7      | Lost mutation: Your body sometimes deteriorates upon taking
                  | damage. [potion of mutation]
  5749 | D:7      | Gained mutation: You are strong-willed. (Will+) [potion of
                  | mutation]
  5749 | D:7      | Gained mutation: You are vulnerable to cold. (rC-) [potion
                  | of mutation]
  5749 | D:7      | Gained mutation: You are occasionally teleported next to
                  | monsters. [potion of mutation]
  5816 | D:7      | Found a hide-covered altar of Uskayaw.
  5940 | D:7      | XOM: cleaving
  5951 | D:7      | XOM: butterfly on damage
  5955 | D:7      | Found an iron altar of Okawaru.
  5966 | D:7      | XOM: summons 3 friendly demons
  5968 | D:7      | XOM: enchant monster (good)
  5971 | D:7      | HP: 3/99 [poisoned by a gnoll sergeant]
  5972 | D:7      | Succumbed to a gnoll sergeant's poison

Illustrated notes

Levels and vault maps discovered:
D:1:      dpeg_arrival_ternary, layout_loops_ring, minmay_statues_item,
          minmay_lizard_pond
D:2:      layout_rooms, uniq_terence
D:3:      layout_loops_cross
D:4:      layout_loops_cross, gammafunk_ghost_grave
D:5:      layout_rooms, minmay_temple_entry_trees, uniq_blork_the_orc
D:6:      layout_loops_ring, grunt_gozag_breadcrumbs,
          mainiacjoe_overflow_concentric_impassable,
          lemuel_zombie_altar_yredelemnul, gup_sewer_entry_pipe
D:7:      layout_loops_cross, hellmonk_okawaru_the_only_friend_you_need,
          zin_statuary, minmay_ruined_shrine
Temple:   zaba_magenta_temple

Skill      XL: |  1  2  3  4  5  6  7  8  9 |
---------------+----------------------------+-----
Stealth        | 1 2 3 4 |  4.3
Spellcasting   | 1 2 |  2.6
Evocations     | 1 2 |  2.7
Axes           | 4 5 |  5.9
Translocations | 1 2 |  2.5
Dodging        | 2 3 |  3.5
Fire Magic     | 1 2 |  2.3
Armour         | 3 |  3.9
Throwing       | 1 2 |  2.1
Fighting       | 4 |  4.5
Summonings     | 1 |  1.7
Long Blades    | 1 |  1.4

Action                     |  1- 3 |  4- 6 |  7- 9 || total
---------------------------+-------+-------+-------++-------
  Melee: Hand axe          |    94 |    86 |   475 ||   655
         Punch             |       |       |     3 ||     3
         Great sword       |       |       |   101 ||   101
  Throw: Throwing net      |       |       |     1 ||     1
         Dart              |       |       |     6 ||     6
  Evoke: Piece from Xom's  |     6 |     9 |     6 ||    21
         Wand              |       |       |     1 ||     1
    Use: Scroll            |     2 |       |     9 ||    11
         Potion            |     1 |     2 |     6 ||     9
   Stab: Petrified         |    14 |       |     5 ||    19
         Paralysed         |       |    15 |       ||    15
         Sleeping          |       |     2 |     7 ||     9
         Confused          |       |       |     2 ||     2
         Petrifying        |       |       |     1 ||     1
         Distracted        |       |       |     1 ||     1
 Armour: Leather armour    |    38 |    16 |   263 ||   317
         Skin              |       |    13 |    15 ||    28
  Dodge: Dodged            |    49 |    37 |   524 ||   610
